 Dungeon Crawl Stone Soup version 0.21.1-1-g345015f (webtiles) character file.

96995 infcreate the Severer (level 15, 0/144 HPs)
             Began as a Minotaur Fighter on May 20, 2018.
             Was the Champion of Trog.
             Slain by Vashnia
             ... wielding a +0 scimitar of slicing
              (5 damage)
             ... on level 3 of the Snake Pit.
             The game lasted 01:57:10 (19696 turns).

infcreate the Severer (Minotaur Fighter)           Turns: 19696, Time: 01:57:12

Health: 0/144      AC: 18    Str: 29    XL:     15   Next: 70%
Magic:  14/14      EV: 11    Int: 10    God:    Trog [******]
Gold:   1789       SH: 22    Dex: 10    Spells: 14/14 levels left

rFire    + . .     SeeInvis .   a - +4 hand axe of Byxal {speed, Fragile rElec rF+ Int+5}
rCold    + . .     Gourm    .   U - +0 large shield
rNeg     . . .     Faith    .   r - +5 ring mail of the Harvest {MR++ Regen+ Str+2}
rPois    .         Spirit   .   D - +2 hat
rElec    +         Reflect  .   Q - scarf {cloud immunity}
rCorr    +         Harm     .   (no gloves)
MR       +++++                  y - +2 pair of boots
Stlth    ..........             B - amulet of regeneration
HPRegen  2.14/turn              n - ring of resist corrosion
MPRegen  0.14/turn              o - ring of protection from cold

@: lethally poisoned (0 -> 0), berserk cooldown, regenerating, constricted
A: retaliatory headbutt, horns 2
a: Berserk, Trog's Hand, Brothers in Arms, Burn Spellbooks, Renounce Religion


You were on level 3 of the Snake Pit.
You worshipped Trog.
Trog was exalted by your worship.
You were not hungry.

You visited 4 branches of the dungeon, and saw 22 of its levels.

You collected 1789 gold pieces.

Inventory:

Hand Weapons
 a - the +4 hand axe of Byxal (weapon) {speed, Fragile rElec rF+ Int+5}
   (Trog gifted it to you on level 6 of the Lair of Beasts)

   Attacks with this weapon are significantly faster.
   It affects your intelligence (+5).
   It protects you from fire.
   It insulates you from electricity.
   It will be destroyed if unequipped.
 t - a +2 war axe of venom
Armour
 r - the +5 ring mail of the Harvest (worn) {MR++ Regen+ Str+2}
   (You found it on level 8 of the Dungeon)

   It affects your strength (+2).
   It affects your resistance to hostile enchantments.
   It increases your rate of regeneration.
 y - a +2 pair of boots (worn)
 D - a +2 hat (worn)
 Q - a scarf of cloud immunity (worn)
 U - a +0 large shield (worn)
Jewellery
 n - a ring of resist corrosion (left hand)
 o - a ring of protection from cold (right hand)
 B - an amulet of regeneration (around neck)
 P - a +5 ring of strength {unknown}
Wands
 R - a wand of digging (14)
Scrolls
 b - 13 scrolls of teleportation
 e - 5 scrolls of amnesia {unknown}
 g - 5 scrolls of enchant weapon
 j - 7 scrolls of identify
 k - 12 scrolls of remove curse
 l - 4 scrolls of enchant armour
 m - 2 scrolls of brand weapon {unknown}
 s - 3 scrolls of blinking {unknown}
 u - a scroll of silence {unknown}
 w - 2 scrolls of random uselessness {unknown}
 A - 4 scrolls of magic mapping {unknown}
 E - 2 scrolls of summoning {unknown}
 F - a scroll of torment {unknown}
 G - 3 scrolls of fog {unknown}
 I - a scroll of fear {unknown}
 K - a scroll of immolation {unknown}
 N - a scroll of acquirement {unknown}
 O - a scroll of noise {unknown}
Potions
 d - 3 potions of might
 h - 2 potions of magic
 i - 2 potions of flight
 p - a potion of ambrosia
 q - a potion of mutation {unknown}
 v - 2 potions of agility
 x - 5 potions of curing
 z - 4 potions of heal wounds
 C - a potion of resistance
 H - 2 potions of lignification {unknown}
 J - a potion of berserk rage
 L - a potion of cancellation {unknown}
 M - a potion of haste {unknown}
 S - a potion of invisibility {unknown}
Comestibles
 f - 35 rations


   Skills:
 + Level 16.1 Fighting
 + Level 18.3 Axes
 + Level 11.4 Armour
 + Level 10.5 Dodging
 + Level 16.1 Shields


You had 14 spell levels left.
You didn't know any spells.

Dungeon Overview and Level Annotations

Branches:
Dungeon (12/15)            Temple (1/1) D:7            Lair (6/6) D:11
 Shoals (0/4) Lair:2        Snake (3/4) Lair:2        Slime (0/5) Lair:6
    Orc (0/2) D:9

Altars:
Ashenzari
Cheibriados
Dithmenos
Gozag
Makhleb
Ru
Sif Muna
Trog
Vehumet
Zin
Jiyva

Shops:
D:6 !

Annotations:
Snake:3 Vashnia


Innate Abilities, Weirdness & Mutations

You reflexively headbutt those who attack you in melee.
You have a pair of horns on your head.


Message History

You feel sick. Vashnia spits poison at you. The splash of poison hits you!
You are more poisoned.
* * * LOW HITPOINT WARNING * * *
x2 Vashnia constricts you.
Your stone giant goes berserk!
You feel quite a bit more hungry.
You feel very sick. You block Vashnia's attack.
* * * LOW HITPOINT WARNING * * *
Vashnia constricts you.
Unknown command.
Your skin crawls.
You feel resistant to hostile enchantments.
You feel somewhat more hungry.
You feel yourself speed up.
You feel sick. Vashnia closely misses you. You furiously retaliate!
You headbutt Vashnia!
You die...

..# #..# ..# #..# ..#
#..# ).# #..# ..# #..#
..# #..# ..# ##..###+##
.
..#####...##...#####....
..##......(())(.@N..#
..##......##<(..C...#
####......##()......#
###...##.>###.#.....#
##...(##..# #'#.....#
##....##..# ........#
##....##..##........#
##....##..##........#
##...(######........#


You could see Vashnia and a friendly stone giant (berserk).

Vanquished Creatures
  Gastronok (D:11)
  Kirke (Lair:6)
  2 nagarajas (Snake:2)
  Aizul (Snake:3)
  Louise (Snake:3)
  7 naga warriors
  A hydra (Lair:5)
  4 anacondas
  2 two-headed ogres (D:9)
  Urug (Lair:4)
  13 naga sharpshooters
  7 shock serpents
  Sonja (D:10)
  The ghost of Terandir the Cleaver, a novice MiFi (D:6)
  5 naga ritualists
  2 oklob plants (Lair:4)
  12 mana vipers
  An ugly thing (D:11)
  A deep elf mage (D:12)
  5 salamanders (Snake:1)
  A manticore (Lair:4)
  3 guardian serpents
  A gargoyle (D:11)
  32 black mambas
  10 naga magi
  21 spiny frogs
  4 komodo dragons
  9 rime drakes
  4 tyrant leeches (Lair:6)
  4 trolls
  6 polar bears
  15 blink frogs
  19 hippogriffs
  11 dream sheep
  5 wyverns
  A wraith (D:10)
  13 yaks
  6 hogs (Lair:6)
  5 vampire mosquitoes (Lair:6)
  7 basilisks
  4 hungry ghosts
  A steam dragon (D:8)
  Edmund (D:6)
  33 nagas
  A hell hound (Lair:4)
  16 porcupines
  6 water moccasins
  A sky beast (D:8)
  An ice beast (D:10)
  4 orc warriors
  2 eyes of draining
  2 black bears
  2 phantoms (D:9)
  3 ogres
  16 wolves
  2 centaurs
  2 big kobolds
  7 crocodiles
  23 bullfrogs
  3 scorpions
  16 killer bees
  7 jellies
  8 wights
  6 howler monkeys
  2 electric eels
  6 crimson imps
  A centaur zombie (D:11)
  2 bullfrog zombies (D:8)
  3 hounds
  A centaur skeleton (D:4)
  A gnoll shaman (D:7)
  4 orc priests
  Crazy Yiuf (D:4)
  3 bullfrog skeletons
  An iguana (D:8)
  Natasha (twice) (D:3)
  11 orc wizards
  7 worker ants
  6 ogre zombies (D:9)
  A hound skeleton (D:5)
  A worker ant zombie (D:8)
  Robin (D:3)
  4 gnolls (D:7)
  14 adders
  A howler monkey skeleton (D:9)
  2 shadow imps
  2 oozes
  An adder skeleton (D:8)
  3 worms
  6 dart slugs
  5 leopard geckos
  47 orcs
  2 ball pythons
  4 giant cockroaches
  12 goblins
  11 hobgoblins
  14 jackals
  8 quokkas
  6 bats
  7 frilled lizards
  2 goblin skeletons (D:9)
  5 hobgoblin skeletons (D:9)
  A jackal zombie (D:6)
  16 kobolds
  A leopard gecko zombie (D:8)
  4 orc skeletons (D:9)
  8 orc zombies (D:9)
  A quokka zombie (D:9)
  8 rats
  2 fungi
  4 plants
668 creatures vanquished.

Vanquished Creatures (others)
  13 fungi
  26 plants
39 creatures vanquished.

Grand Total: 707 creatures vanquished

Notes
Turn   | Place    | Note
-------+----------+-------------------------------------------
     0 | D:1      | infcreate the Minotaur Fighter began the quest for the Orb.
     0 | D:1      | Reached XP level 1. HP: 19/19 MP: 0/0
    95 | D:1      | Reached XP level 2. HP: 26/27 MP: 1/1
   448 | D:1      | Reached skill level 3 in Axes
   918 | D:2      | Reached XP level 3. HP: 24/33 MP: 2/2
  1073 | D:2      | Found a faded altar of an unknown god.
  1539 | D:2      | Reached XP level 4. HP: 36/40 MP: 3/3
  1847 | D:3      | You fall through a shaft for 3 floors!
  1856 | D:6      | Noticed Terandir's ghost (novice MiFi)
  1856 | D:6      | Found an opulent altar of Gozag.
  1890 | D:6      | Noticed Edmund
  1895 | D:5      | Entered Level 5 of the Dungeon
  1899 | D:5      | Reached skill level 4 in Axes
  2324 | D:3      | Found a radiant altar of Vehumet.
  2369 | D:3      | Reached skill level 1 in Dodging
  2397 | D:3      | Reached XP level 5. HP: 46/46 MP: 4/4
  2444 | D:3      | Noticed Robin
  2450 | D:3      | Killed Robin
  2485 | D:3      | Noticed Natasha
  2496 | D:3      | Killed Natasha
  2810 | D:3      | Noticed Natasha
  2814 | D:3      | Killed Natasha
  3029 | D:4      | Reached skill level 5 in Axes
  3040 | D:4      | HP: 2/47 [poisoned by an orc wizard]
  3053 | D:4      | Reached XP level 6. HP: 9/53 MP: 5/5
  3419 | D:4      | Reached skill level 5 in Armour
  3518 | D:4      | Found a runed door.
  3522 | D:4      | Noticed Crazy Yiuf
  3537 | D:4      | Paralysed by Crazy Yiuf for 3 turns
  3539 | D:4      | Killed Crazy Yiuf
  3879 | D:4      | Reached skill level 5 in Shields
  4185 | D:5      | Reached skill level 6 in Axes
  4192 | D:5      | Reached skill level 5 in Fighting
  4192 | D:5      | Reached XP level 7. HP: 58/61 MP: 6/6
  5006 | D:6      | Killed Edmund
  5006 | D:6      | Reached skill level 7 in Axes
  5017 | D:6      | Reached XP level 8. HP: 45/69 MP: 7/7
  5052 | D:6      | Killed Terandir's ghost
  5052 | D:6      | Reached skill level 8 in Axes
  5434 | D:6      | Reached skill level 9 in Axes
  5689 | D:6      | Found Wossegusu's Distillery.
  6119 | D:7      | Reached XP level 9. HP: 68/78 MP: 8/8
  6249 | D:7      | Found a staircase to the Ecumenical Temple.
  6258 | Temple   | Entered the Ecumenical Temple
  6264 | Temple   | Became a worshipper of Trog the Wrathful
  6802 | D:7      | Reached skill level 10 in Axes
  6828 | D:7      | Reached * piety under Trog
  8219 | D:8      | Reached skill level 11 in Axes
  8265 | D:8      | Got a transparent ring mail
  8266 | D:8      | Identified the +5 ring mail of the Harvest {MR++ Regen+ Str+2} (You found it on level 8 of the Dungeon)
  8359 | D:9      | Reached XP level 10. HP: 87/88 MP: 9/9
  8360 | D:9      | Reached ** piety under Trog
  8399 | D:9      | Got a crude ivory amulet
  8400 | D:9      | Identified the amulet of the Pharaoh's Fist {Harm -Tele *Drain rPois MP+9 Str+4} (You found it on level 9 of the Dungeon)
  8482 | D:9      | Found a staircase to the Orcish Mines.
  8672 | D:9      | Reached *** piety under Trog
  8964 | D:9      | Noticed a two-headed ogre
  8973 | D:9      | Killed a two-headed ogre
  8973 | D:9      | Reached skill level 12 in Axes
  9216 | D:9      | Noticed a two-headed ogre
  9235 | D:9      | Killed a two-headed ogre
  9240 | D:9      | Reached **** piety under Trog
  9604 | D:10     | Entered Level 10 of the Dungeon
  9795 | D:10     | Reached XP level 11. HP: 94/97 MP: 10/10
  9886 | D:10     | Noticed Sonja
  9907 | D:10     | Killed Sonja
  9907 | D:10     | Reached skill level 13 in Axes
 10231 | D:11     | Noticed a brown ugly thing
 10250 | D:11     | Killed a brown ugly thing
 10250 | D:11     | Reached skill level 5 in Dodging
 10258 | D:11     | Reached skill level 10 in Fighting
 10343 | D:11     | Found a staircase to the Lair.
 10496 | D:11     | Noticed Gastronok
 10511 | D:11     | Killed Gastronok
 10810 | D:11     | Reached ***** piety under Trog
 10887 | D:11     | Reached skill level 14 in Axes
 10971 | D:12     | Noticed a deep elf mage
 10974 | D:12     | Noticed a soul eater
 10982 | D:12     | Killed a deep elf mage
 10982 | D:12     | Reached skill level 10 in Shields
 11137 | Lair:1   | Entered Level 1 of the Lair of Beasts
 11473 | Lair:1   | Received a gift from Trog
 11849 | Lair:2   | Reached XP level 12. HP: 110/110 MP: 11/11
 11925 | Lair:2   | Found a staircase to the Snake Pit.
 12034 | Lair:2   | Found a staircase to the Shoals.
 12423 | Lair:3   | Reached skill level 15 in Axes
 12459 | Lair:3   | Found a deep blue altar of Sif Muna.
 12891 | Lair:4   | Noticed Urug
 12919 | Lair:4   | Killed Urug
 13146 | Lair:4   | Identified the cursed +0 great sword "Cael" {freeze, +Rage Stlth+} (You found it on level 4 of the Lair of Beasts)
 13469 | Lair:4   | Received a gift from Trog
 13472 | Lair:4   | Reached skill level 16 in Axes
 13489 | Lair:4   | Reached XP level 13. HP: 86/118 MP: 12/12
 13727 | Lair:4   | Reached skill level 10 in Armour
 14550 | Lair:6   | Entered Level 6 of the Lair of Beasts
 14569 | Lair:6   | Received a gift from Trog
 14583 | Lair:6   | Got a bloodstained hand axe {god gift}
 14584 | Lair:6   | Identified the +4 hand axe of Byxal {speed, Fragile rElec rF+ Int+5} (Trog gifted it to you on level 6 of the Lair of Beasts)
 14971 | Lair:6   | Found a viscous altar of Jiyva.
 14972 | Lair:6   | Found a staircase to the Slime Pits.
 15074 | Lair:6   | Noticed Kirke
 15113 | Lair:6   | Killed Kirke
 15113 | Lair:6   | Reached XP level 14. HP: 113/130 MP: 13/13
 15199 | Lair:6   | Received a gift from Trog
 15398 | Lair:6   | Found a radiant altar of Vehumet.
 15636 | Snake:1  | Entered Level 1 of the Snake Pit
 15654 | Snake:1  | Reached skill level 17 in Axes
 16005 | Snake:1  | Reached ****** piety under Trog
 17019 | Snake:2  | Found a shadowy altar of Dithmenos.
 17156 | Snake:2  | Got a jewelled plate armour
 17167 | Snake:2  | Identified the +1 plate armour of the Orb Guardian {MR+ Str-2 Dex+2} (You found it on level 2 of the Snake Pit)
 17381 | Snake:2  | Reached skill level 15 in Fighting
 17431 | Snake:2  | Received a gift from Trog
 17635 | Snake:2  | Noticed a nagaraja
 17662 | Snake:2  | Killed a nagaraja
 17662 | Snake:2  | Reached skill level 15 in Shields
 17862 | Snake:2  | Reached XP level 15. HP: 141/141 MP: 14/14
 17963 | Snake:2  | Noticed a nagaraja
 17973 | Snake:2  | Killed a nagaraja
 18153 | Snake:2  | Reached skill level 10 in Dodging
 18377 | Snake:3  | Noticed Aizul
 18377 | Snake:3  | Noticed Vashnia
 18583 | Snake:3  | Reached skill level 18 in Axes
 19349 | Snake:3  | Noticed Louise
 19378 | Snake:3  | Killed Louise
 19490 | Snake:3  | Killed Aizul
 19695 | Snake:3  | HP: 7/144 [poisoned by Vashnia (splash of poison)]
 19696 | Snake:3  | Slain by Vashnia

Skill      XL: |  1  2  3  4  5  6  7  8  9 10 11 12 13 14 15 |
---------------+----------------------------------------------+-----
Armour         | 4 5 6 7 8 9 10 11 | 11.4
Fighting       | 4 5 6 8 9 11 12 13 15 16 | 16.1
Axes           | 3 4 5 6 7 9 11 12 14 16 17 18 | 18.3
Shields        | 4 5 6 7 8 10 12 13 15 16 | 16.1
Dodging        | 1 2 3 4 5 7 8 9 10 | 10.5

Action                   |  1- 3 |  4- 6 |  7- 9 | 10-12 | 13-15 || total
-------------------------+-------+-------+-------+-------+-------++-------
Melee: War axe           |   104 |   231 |   285 |   647 |   112 ||  1379
       Headbutt          |    13 |    35 |    55 |   150 |   331 ||   584
       Hand axe          |       |       |       |       |  1203 ||  1203
Invok: Burn Spellbooks   |       |       |     1 |     3 |     1 ||     5
       Berserk           |       |       |       |     1 |     8 ||     9
       Trog's Hand       |       |       |       |       |     1 ||     1
       Brothers in Arms  |       |       |       |       |     1 ||     1
  Use: Potion            |       |     3 |       |     3 |     3 ||     9
       Scroll            |       |       |     8 |     8 |     1 ||    17
  Eat: Chunk             |     2 |     9 |     9 |    17 |    12 ||    49
       Ration            |       |       |     2 |     2 |     5 ||     9
Armor: Scale mail        |    23 |    91 |    88 |       |       ||   202
       Chain mail        |    48 |       |       |       |       ||    48
       Plate armour      |       |       |    15 |       |       ||    15
       Ring mail         |       |       |     6 |   204 |   170 ||   380
Dodge: Dodged            |    36 |    61 |   103 |   207 |   299 ||   706
Block: Shield            |    51 |   110 |   149 |   351 |   492 ||  1153
       Large shield      |       |       |       |       |    39 ||    39
